[Event "*** Titled Tuesday Blitz"]
[Site "Chess.com"]
[Date "2021.03.02"]
[Round "3"]
[White "CrazyMartian"]
[Black "Rondo_Capriccioso"]
[Result "0-1"]
[WhiteElo "2278"]
[BlackElo "2477"]
[TimeControl "180+1"]
[EndTime "10:29:20 PST"]
[Termination "Rondo_Capriccioso won by resignation"]

1. d4 Nf6 2. c4 g6 3. Nc3 Bg7 4. e4 d6 5. Nf3 O-O 6. Be2 e5 7. O-O Nc6 8. dxe5 dxe5 9. Bg5 h6 10. Qxd8 Nxd8 11. Bxf6 Bxf6 12. Nd5 Bg7 13. Nxc7 Rb8 14. c5 Ne6 15. Nxe6 Bxe6 16. a3 Rfc8 17. Rac1 b6 18. cxb6 Rxc1 19. Rxc1 Rxb6 20. b4 h5 21. h4 Rd6 22. Kf1 Bg4 23. Ke1 Bh6 24. Rc2 Bxf3 25. Bxf3 Ra6 26. Rc3 Bf8 27. Be2 Rxa3 28. Rxa3 Bxb4+ 29. Kd1 Bxa3 30. Kc2 Bc5 31. f3 Bf2 32. g4 Bxh4 33.
gxh5 gxh5 34. f4 exf4 35. Bxh5 Kg7 36. Kd3 Kf6 37. Bd1 Ke5 38. Bc2 f5 39. exf5 Kxf5 40. Ke2+ Kg4 41. Bb3 f3+ 42. Kf1 Kf4 43. Bd5 Bf6 44.
Bc6 Bc3 45. Bb5 Ke3 46. Bc6 f2 47. Bb5 Bd4 48. Ba6 Kd2 49. Kg2 Kc3 50. Kf3 Kb4 51.
Ke4 Ka5 52. Bf1 Bb6 53. Kd3 Kb4 54. Kc2 a5 55. Kb2 a4 56. Ka2 Bc5 57. Kb2 a3+ 58.
Ka2 Kc3 59. Bb5 Kd2 60. Kb3 Ke1 61. Ka2 f1=Q 62. Bxf1 Kxf1 63. Kb3 Ke2 64. Ka2 Kd2 65. Kb3 Bd6 66. Ka2 Kc3 67. Kb1 Kb3 68. Ka1 Be5+ 0-1

[Event "*** Titled Tuesday Blitz"]
[Site "Chess.com"]
[Date "2021.03.02"]
[Round "3"]
[White "erdni1993"]
[Black "LubovMarkelova"]
[Result "1-0"]
[WhiteElo "2435"]
[BlackElo "2230"]
[TimeControl "180+1"]
[EndTime "10:29:20 PST"]
[Termination "erdni1993 won on time"]

1. e4 e6 2. d4 d5 3. Nd2 c5 4. Ngf3 cxd4 5. exd5 Qxd5 6. Bc4 Qd6 7. O-O Nf6 8. Re1 Nc6 9. Nb3 Be7 10. Nbxd4 Nxd4 11. Qxd4 Qxd4 12. Nxd4 a6 13. c3 b5 14. Bb3 Bb7 15. Bf4 O-O 16. Nf5 Bc5 17. Nd6 Bc6 18. Rad1 Rad8 19. c4 b4 20. Bc2 Ng4 21. Bg3 e5 22. Nf5 g6 23. h3 gxf5 24. hxg4 f4 25. Bh4 Rxd1 26. Rxd1 f6 27. Kf1 Kg7 28. f3 Bd4 29.
Bf2 Bxb2 30. Bc5 Rc8 31. Bf5 Rb8 32. Rd6 Be8 33. Rxa6 Bd4 34. Be7 Rb7 35. Bxf6+ Kf7 36. g5 h6 37. Be6+ Kg6 38. Bd5 Rb6 39. Rxb6 Bxb6 40.
Bxe5 hxg5 41. Bd6 Ba5 42. c5 Bb5+ 43. Kf2 Kf6 44. c6 Ba6 45. c7 Bc8 46. Ke2 Bb6 47.
Kd3 Kf5 48. Kc4 g4 49. Kb5 Bf2 50. Bxb4 gxf3 51. gxf3 Ke5 52. Kc6 Be3 53. Bc3+ Kf5 54. Kd6 Bc1 55. Ke7 Ba3+ 56. Kd8 Ba6 57. c8=Q+ Bxc8 58. Kxc8 1-0

[Event "*** Titled Tuesday Blitz"]
[Site "Chess.com"]
[Date "2021.03.02"]
[Round "3"]
[White "korkmaz16"]
[Black "Gurvich_Vitaly"]
[Result "0-1"]
[WhiteElo "2396"]
[BlackElo "2586"]
[TimeControl "180+1"]
[EndTime "10:29:22 PST"]
[Termination "Gurvich_Vitaly won by checkmate"]

1. e4 c5 2. Nf3 Nc6 3. d4 cxd4 4.
Nxd4 e5 5. Nb5 Nf6 6. N1c3 h6 7.
Nd6+ Bxd6 8. Qxd6 Qe7 9. Qxe7+ Kxe7 10. Be3 d6 11. O-O-O Be6 12. f3 a6 13. a3 b5 14. Nd5+ Bxd5 15. exd5 Na5 16. b3 Rhc8 17.
Kb2 Nd7 18. Bd3 Rab8 19. Ka2 Nb7 20. Rhe1 Nbc5 21. Bf1 a5 22. f4 f6 23. g3 b4 24. a4 Ne4 25. Kb2 Nc3 26. Rd2 Nb6 27. fxe5 fxe5 28. Bh3 Rf8 29. Be6 Rf3 30. Bg4 Rf6 31.
Be6 Nd7 32. h4 Rbf8 33. g4 Rf1 34. Rde2 Nxe2 35. Rxe2 Rd1 36. Bf2 Nf6 37. c4 bxc3+ 38. Kc2 Nxd5 39. Kxd1 Kxe6 40. Kc2 Rf4 41. g5 hxg5 42.
hxg5 Rg4 43. Be1 Rxg5 44. Bxc3 Nxc3 45. Kxc3 d5 46. Rh2 Rg3+ 47. Kc2 d4 48. Rh8 Kd5 49. Ra8 Rg2+ 50. Kb1 d3 51. Kc1 Kd4 52. Rc8 e4 53.
Rc4+ Ke3 54. b4 d2+ 55. Kc2 Rg1 56. Rc3+ Ke2 57. Kb3 d1=Q+ 58. Kc4 axb4 59. Kxb4 Qd4+ 60. Rc4 Rb1+ 61. Ka5 Qb6# 0-1

[Event "*** Titled Tuesday Blitz"]
[Site "Chess.com"]
[Date "2021.03.02"]
[Round "3"]
[White "Eltaj_Safarli"]
[Black "olksuna"]
[Result "1-0"]
[WhiteElo "2918"]
[BlackElo "2668"]
[TimeControl "180+1"]
[EndTime "10:29:23 PST"]
[Termination "Eltaj_Safarli won on time"]

1. e4 c5 2. Nc3 e6 3. Nf3 a6 4. g3 b5 5. Bg2 Bb7 6. d3 b4 7. Ne2 d5 8. exd5 exd5 9. O-O Be7 10. d4 Nf6 11. Bg5 h6 12. Bxf6 Bxf6 13. dxc5 O-O 14. Nfd4 Qc7 15. Nf4 Rd8 16. Nh5 Be5 17. f4 Bxd4+ 18.
Qxd4 f6 19. Qxb4 Nd7 20. Rae1 Nxc5 21. f5 Ne4 22. c3 a5 23. Qd4 Qd7 24. Nf4 Qxf5 25.
Bh3 Qe5 26. Be6+ Kh7 27. Qxe5 fxe5 28. Bf5+ Kg8 29. Ne6 Rd6 30. Rd1 Nf6 31. Nc5 Bc6 32.
Rd2 d4 33. cxd4 exd4 34. Re1 Rad8 35. Re6 a4 36. Rxd6 Rxd6 37. Ne6 Be4 38. Rxd4 Rxd4 39.
Nxd4 Bd5 40. Be6+ Bxe6 41. Nxe6 Ne4 42. Kf1 Kf7 43. Nd4 Ke7 44. Ke2 Kd6 45. Nf5+ Ke5 46. Nxg7 Nd6 47. Kd3 Ne4 48. Nh5 Nf2+ 49. Kc4 Ng4 50.
h3 Ne3+ 51. Kb4 Nd1 52. Ka3 1-0

[Event "*** Titled Tuesday Blitz"]
[Site "Chess.com"]
[Date "2021.03.02"]
[Round "3"]
[White "Smirnov_Pavel"]
[Black "Aygehovit1992"]
[Result "1-0"]
[WhiteElo "2853"]
[BlackElo "2622"]
[TimeControl "180+1"]
[EndTime "10:29:23 PST"]
[Termination "Smirnov_Pavel won on time"]

1. d4 Nf6 2. c4 g6 3. Nf3 Bg7 4.
g3 c6 5. Bg2 d5 6. b3 O-O 7.
O-O a5 8. Nc3 Ne4 9. Bb2 Bf5 10.
Ne5 Nxc3 11. Bxc3 Be6 12. Nd3 dxc4 13. Nc5 Qc8 14. Nxe6 Qxe6 15. d5 cxd5 16. Bxd5 Qd6 17. Bxg7 Kxg7 18. bxc4 Nc6 19. Rb1 Rab8 20. Rb5 b6 21.
Qa1+ f6 22. Rfb1 Nb4 23. Be4 Rfc8 24. a3 Na6 25. Rd5 Qe6 26. Qd4 Nc5 27. Bf3 a4 28. Bg4 Qe4 29. Qxe4 Nxe4 30. Bxc8 Nc3 31. Rd3 Nxb1 32. Bd7 Rd8 33. Bxa4 Rxd3 34. exd3 Nxa3 35. Kg2 e5 36. Kf3 Kf7 37. Bc6 Ke6 38. Bd5+ Kd6 39.
Bg8 h6 40. Bh7 g5 41. Kg4 b5 42. cxb5 Nxb5 43. Kh5 Nd4 44. Kxh6 Nf3 45. h3 Ng1 46. Bf5 Ne2 47. h4 gxh4 48. gxh4 Nd4 49. Bg6 Ke7 50.
Kg7 Ne6+ 51. Kg8 Nf4 52. h5 f5 53. Bf7 Kf6 54. h6 Nd5 55. h7 1-0

[Event "*** Titled Tuesday Blitz"]
[Site "Chess.com"]
[Date "2021.03.02"]
[Round "3"]
[White "exoticprincess"]
[Black "slavenok"]
[Result "1/2-1/2"]
[WhiteElo "2992"]
[BlackElo "2718"]
[TimeControl "180+1"]
[EndTime "10:29:24 PST"]
[Termination "Game drawn by repetition"]

1. d4 d5 2. Nc3 Nf6 3. Bf4 e6 4. Nb5 Na6 5. e3 Be7 6. Nf3 O-O 7. h3 c6 8. Nc3 Bd6 9. Bxa6 bxa6 10. O-O c5 11. Bxd6 Qxd6 12. Na4 cxd4 13. exd4 Ne4 14.
Nd2 Bd7 15. Nxe4 dxe4 16. Nc5 Bc6 17. Re1 Rad8 18. c3 f5 19. Qb3 Bd5 20. Qa3 a5 21.
Qxa5 Qe7 22. b3 h6 23. c4 Ba8 24. Rad1 Rf6 25. Re3 Rg6 26. Rg3 Rxg3 27. fxg3 Re8 28. Kh2 Kh7 29. Qd2 e5 30. b4 exd4 31. Qxd4 e3 32. Re1 e2 33. Qf2 Qe5 34. a3 Kh8 35.
Nd3 Qe4 36. Nf4 Qxc4 37. Rxe2 Rxe2 38. Qxe2 Qxe2 39. Nxe2 Kh7 40. Kg1 Kg6 41. Kf2 Kf6 42.
Ng1 Ke5 43. Nf3+ Ke4 44. b5 Kd3 45. Ne5+ Kd4 46. Nc6+ Kc5 47. Nxa7 Bd5 48. Nc6 Be4 49. a4 Bc2 50. Ne7 Bxa4 51. Nxf5 g6 52. Nxh6 Bxb5 53.
g4 Kd4 54. Nf7 Be8 55. Ng5 Ke5 56. Nf3+ Ke4 57. Kg3 Bd7 58. Ng5+ Ke5 59. Nf3+ Ke4 60.
Kf2 Be8 61. Ng5+ Kf4 62. Nf3 Ke4 1/2-1/2

[Event "*** Titled Tuesday Blitz"]
[Site "Chess.com"]
[Date "2021.03.02"]
[Round "3"]
[White "Orest_Vovk"]
[Black "horripile"]
[Result "1/2-1/2"]
[WhiteElo "2506"]
[BlackElo "2687"]
[TimeControl "180+1"]
[EndTime "10:29:25 PST"]
[Termination "Game drawn - insufficient material"]

1. d4 Nf6 2. Nf3 e6 3. Bg5 c5 4. c3 Qb6 5. Qb3 Nc6 6. Qxb6 axb6 7. Bxf6 gxf6 8. e3 d5 9. Nbd2 f5 10. Bb5 Bd7 11. a3 Bd6 12. Bxc6 bxc6 13. Ne5 c4 14.
Nxd7 Kxd7 15. f4 c5 16. g3 b5 17. Rd1 b4 18. dxc5 bxc3 19. cxd6 cxd2+ 20. Rxd2 Kxd6 21. Ke2 Rhb8 22. Rc1 Ke7 23. Rc3 Rb5 24. Kd1 Rab8 25. Kc1 h5 26. Re2 h4 27. gxh4 Rh8 28. Kc2 Rxh4 29.
b3 cxb3+ 30. Rxb3 Ra5 31. Kb2 Rh8 32. Rc2 Ra7 33. Ka2 Kf6 34. Rcb2 Rh3 35. Rg2 Rh4 36. Rc2 d4 37. Rf2 dxe3 38. Rxe3 Ra4 39. Ref3 Rh8 40.
Rb3 Rha8 41. h4 Re4 42. h5 Rh8 43. Rh3 Ke7 44. h6 Rh7 45. Kb3 Kf6 46. a4 Rh8 47.
h7 Rd4 48. a5 Rb8+ 49. Kc3 Rdd8 50. a6 Rdc8+ 51. Kd2 Kg7 52. Rg2+ Kh8 53. Rg8+ Rxg8 54. hxg8=Q+ Kxg8 55. a7 Ra8 56. Ra3 Kf8 57. Kd3 Ke7 58.
Kd4 Kd6 59. Ra6+ Kc7 60. Ke5 Kb7 61. Rd6 Rxa7 62. Rd7+ Kb6 63. Rxa7 Kxa7 64. Kf6 Kb7 65. Kxf7 e5 66. fxe5 f4 67. e6 f3 68. e7 f2 69. e8=Q f1=Q+ 70. Kg8 Qg2+ 71. Kf8 Qf3+ 72. Qf7+ Qxf7+ 73. Kxf7 1/2-1/2

[Event "*** Titled Tuesday Blitz"]
[Site "Chess.com"]
[Date "2021.03.02"]
[Round "3"]
[White "MrChampion_Coach"]
[Black "Vaathi_Coming"]
[Result "1-0"]
[WhiteElo "2475"]
[BlackElo "2816"]
[TimeControl "180+1"]
[EndTime "10:29:25 PST"]
[Termination "MrChampion_Coach won by checkmate"]

1. d4 g6 2. e4 Bg7 3. Nc3 c6 4.
h3 d5 5. Nf3 Nh6 6. a4 f6 7.
Be2 O-O 8. O-O Nf7 9. a5 Na6 10. Re1 Nc7 11. exd5 cxd5 12. Nb5 Nxb5 13. Bxb5 e5 14.
dxe5 fxe5 15. c4 d4 16. c5 Bf5 17. Bc4 Kh8 18. Bxf7 Rxf7 19. Nxe5 Rf8 20. Qb3 Qf6 21. f4 Rac8 22. Qa3 Be6 23. Bd2 g5 24. Rf1 gxf4 25.
Bxf4 Qh4 26. Bg3 Qh5 27. Rxf8+ Rxf8 28. Re1 Bd5 29. Qd3 Qg5 30. h4 Qh5 31. Qxd4 Bg8 32. Qd6 Re8 33. Kh2 Qf5 34. Ng6+ hxg6 35. Rxe8 Kh7 36.
Qb8 Bd5 37. Re7 Qc2 38. Rxg7+ Kxg7 39. Be5+ Kf7 40. Qc7+ Ke8 41. Qc8+ Ke7 42. Bd6+ Kf6 43. Qf8+ Bf7 44. Qe7+ Kg7 45. Be5+ Kh6 46. Qxf7 Qxc5 47.
Bf4+ Kh5 48. Qh7+ Kg4 49. Bg3 Qc6 50. Qf7 Qa6 51. Qf4+ Kh5 52. Qg5# 1-0

[Event "*** Titled Tuesday Blitz"]
[Site "Chess.com"]
[Date "2021.03.02"]
[Round "3"]
[White "MelihKaanCan"]
[Black "esteban062000"]
[Result "1-0"]
[WhiteElo "2398"]
[BlackElo "2170"]
[TimeControl "180+1"]
[EndTime "10:29:25 PST"]
[Termination "MelihKaanCan won by checkmate"]

1. d4 Nf6 2. c4 e6 3. Nc3 Bb4 4.
a3 Bxc3+ 5. bxc3 Nc6 6. e3 d6 7. Bd3 e5 8. f3 O-O 9. Ne2 Re8 10. Ng3 exd4 11. cxd4 Nxd4 12. O-O Nc6 13. Bb2 Be6 14. Qc2 h6 15. Ne4 Nxe4 16. Bxe4 Rb8 17. Rab1 Qg5 18.
Rfe1 Red8 19. f4 Qe7 20. Qc3 Qf8 21. Bc2 d5 22. f5 Bc8 23. cxd5 Rxd5 24. e4 Qc5+ 25.
Qxc5 Rxc5 26. Bb3 Na5 27. Ba2 b6 28. Rbc1 Rxc1 29. Rxc1 c5 30. Be5 Rb7 31. Bd5 Re7 32. Bc3 Bb7 33. Bxa5 Bxd5 34. exd5 bxa5 35. Rxc5 a4 36.
Ra5 Rd7 37. Kf2 Kf8 38. Ke3 Ke7 39. Kd4 Rb7 40. Rxa4 Kd6 41. Ra6+ Kd7 42. f6 g6 43.
h3 Kc7 44. Rc6+ Kd7 45. Ra6 Kc7 46. Ke5 Kd7 47. Ra4 Kc7 48. Rh4 h5 49. g4 hxg4 50.
hxg4 Kb6 51. Rh7 Kc5 52. d6 Rd7 53. Rh8 a6 54. Rc8+ Kb6 55. Rc1 Kb5 56. Kd5 Ka4 57. Rc7 Rd8 58. d7 Kxa3 59. Kd6 Ka4 60. Rc8 Rxd7+ 61. Kxd7 a5 62. Ke7 Kb4 63. Kxf7 a4 64. Kxg6 a3 65. Ra8 Kb3 66. f7 a2 67. f8=Q Kb2 68.
Qf2+ Ka1 69. Qxa2# 1-0

[Event "*** Titled Tuesday Blitz"]
[Site "Chess.com"]
[Date "2021.03.02"]
[Round "3"]
[White "As0nchess"]
[Black "fearless_guy"]
[Result "0-1"]
[WhiteElo "2601"]
[BlackElo "2803"]
[TimeControl "180+1"]
[EndTime "10:29:26 PST"]
[Termination "fearless_guy won on time"]

1. e4 e6 2. d4 d5 3. Nd2 h6 4.
Ngf3 Nf6 5. e5 Nfd7 6. c3 c5 7.
Bd3 Nc6 8. O-O g5 9. dxc5 Bxc5 10. Nb3 Bb6 11. Re1 g4 12. Nfd4 Ncxe5 13. Bc2 Qf6 14. a4 a6 15. a5 Bc7 16. Be3 h5 17. Rf1 h4 18. f4 Nc4 19. Qe2 g3 20. h3 b5 21. Rae1 Bb7 22. Bd3 O-O-O 23. Nd2 Nxe3 24. Qxe3 Bxa5 25. Ra1 Bb6 26. N2f3 Bc7 27. Qe2 Bxf4 28. Nxb5 axb5 29. Bxb5 e5 30. Ba6 Qb6+ 31. Kh1 Rh6 32. Bxb7+ Qxb7 33. Ra4 Rb6 34. b4 Kc7 35. Rfa1 Qc6 36.
Nxh4 Rdb8 37. Nf5 Qxc3 38. Ne7 Kd6 39. Nf5+ Kc7 40. R4a2 Rxb4 41. Ra7+ Kd8 42. Rd1 Rb1 43. Nd6 Qc1 44. Nxf7+ Ke7 45. Rxd7+ Kxd7 46. Qg4+ Kc7 0-1

[Event "*** Titled Tuesday Blitz"]
[Site "Chess.com"]
[Date "2021.03.02"]
[Round "3"]
[White "Rsnr"]
[Black "Oligan22"]
[Result "1-0"]
[WhiteElo "2781"]
[BlackElo "2529"]
[TimeControl "180+1"]
[EndTime "10:29:26 PST"]
[Termination "Rsnr won by resignation"]

1. d4 d5 2. c4 dxc4 3. e4 Nf6 4. e5 Nd5 5. Bxc4 Nb6 6. Bd3 Nc6 7. Be3 Be6 8. Nc3 Qd7 9. Nge2 Nb4 10. Be4 N4d5 11.
Qc2 f5 12. Bf3 h6 13. a3 O-O-O 14. Rc1 g5 15. g3 Kb8 16. h4 Nxe3 17. fxe3 Bg7 18.
Kf2 c6 19. a4 Nd5 20. Qd2 Nb4 21. Nb1 a5 22. Qc3 Bd5 23. Nd2 Bxf3 24. Nxf3 g4 25. Ne1 Na2 26. Qxa5 Nxc1 27. Nxc1 Qd5 28. Qxd5 cxd5 29.
Ncd3 e6 30. Ke2 Rhe8 31. Kd1 Bf8 32. Rh2 Rc8 33. Nf4 Rc6 34. Ned3 Rec8 35. Rd2 b6 36. Ke2 Kb7 37. Kd1 Re8 38. b4 Rc4 39. Rb2 Rc3 40. Kd2 Rc4 41. a5 Rc6 42. axb6 Kxb6 43. Nc5 Bxc5 44. bxc5+ Kc7 45. Ra2 Rb8 46. Nd3 Rb7 47.
Ra8 Rb8 48. Ra7+ Rb7 49. Ra2 Kd7 50. Kc3 Rc8 51. Nb4 Kc7 52. Ra6 Rcb8 53. Rc6+ Kd7 54. Rd6+ Kc7 55. Na6+ Kc8 56. Nxb8 Rxb8 57. Rxe6 Ra8 58.
Re8+ 1-0

[Event "*** Titled Tuesday Blitz"]
[Site "Chess.com"]
[Date "2021.03.02"]
[Round "3"]
[White "German_Bazeev"]
[Black "Lysiak_Poltorak"]
[Result "1/2-1/2"]
[WhiteElo "2727"]
[BlackElo "2461"]
[TimeControl "180+1"]
[EndTime "10:29:26 PST"]
[Termination "Game drawn by agreement"]

1. d4 Nf6 2. Nf3 e6 3. c4 Bb4+ 4. Bd2 Qe7 5. g3 Bxd2+ 6. Nbxd2 O-O 7. Bg2 d6 8. Nf1 e5 9. Ne3 c6 10. d5 g6 11. O-O c5 12. Qc1 Nh5 13. b4 b6 14.
bxc5 bxc5 15. Nd2 f5 16. Qa3 f4 17. Nd1 Bf5 18. Nc3 Nd7 19. Nce4 Ndf6 20. Qa6 Nxe4 21. Nxe4 Bxe4 22. Bxe4 Rad8 23. Rab1 Rf7 24. Qa3 Rdf8 25.
Qd3 Qg5 26. Bg2 Nf6 27. Qd2 Qh6 28. f3 g5 29. g4 Qg6 30. e4 fxe3 31. Qxe3 h5 32. h3 Kg7 33. Rb3 Nd7 34. Rb2 Nb6 35.
Qe2 Rf4 36. Rc2 hxg4 37. hxg4 Rh8 38. Re1 Qh7 39. Qf2 Rhf8 40. Qe2 Qh4 41. a4 Nxa4 42. Ra2 Nb6 43. Rxa7+ R4f7 44. Rxf7+ Rxf7 45. Rb1 Nd7 46. Rb7 Qh7 47. Qd2 Qg6 48. Bf1 e4 49. fxe4 Ne5 50. Rxf7+ Nxf7 51. Be2 Ne5 52. Qe3 Qf6 53. Qg3 Qf7 54.
Qf2 Qxf2+ 55. Kxf2 Kf6 56. Ke3 Nd7 57. Kd2 Ne5 58. Kc3 Ke7 59. Kb3 Kd7 60. Ka4 Kc7 61. Ka5 Nf7 62. Kb5 Ne5 63. Ka5 Nf7 64. Kb5 1/2-1/2

[Event "*** Titled Tuesday Blitz"]
[Site "Chess.com"]
[Date "2021.03.02"]
[Round "3"]
[White "ama18"]
[Black "Mazanchenko_Dmitry"]
[Result "1-0"]
[WhiteElo "2481"]
[BlackElo "2093"]
[TimeControl "180+1"]
[EndTime "10:29:26 PST"]
[Termination "ama18 won by checkmate"]

1. e4 c5 2. Nf3 d6 3. d4 Nf6 4. Nc3 cxd4 5. Nxd4 Nc6 6. f3 e5 7.
Nb3 Be6 8. Be3 d5 9. exd5 Nxd5 10. Nxd5 Bxd5 11. Qd2 Be7 12. O-O-O Be6 13. Qxd8+ Rxd8 14.
Bb5 O-O 15. Nc5 Bc8 16. a3 Nd4 17. Bxd4 exd4 18. Ne4 f5 19. Bc4+ Kh8 20. Nf2 a6 21.
Rhe1 Bf6 22. Nd3 b5 23. Be6 Bb7 24. Kb1 g6 25. Nc5 Bc6 26. Nxa6 Rfe8 27. Nb4 Bb7 28. Bf7 Re7 29. Rxe7 Bxe7 30. Nd3 Kg7 31. Bb3 g5 32. Re1 Kf6 33. Re6+ Kf7 34. Rb6+ Bd5 35. Rxb5 Bxb3 36. Rxb3 Bd6 37. Rb7+ Kg6 38. h3 h5 39. a4 Re8 40.
Rb6 Re2 41. Rxd6+ Kg7 42. g4 fxg4 43. fxg4 h4 44. Rxd4 Rh2 45. Rd7+ Kf6 46. Rd6+ Ke7 47. Rg6 Rh1+ 48. Ka2 Rxh3 49. Rxg5 Rg3 50. Rh5 h3 51. a5 Kd6 52. Rh6+ Kc7 53. a6 Kb8 54. b4 Ka7 55. b5 Rg2 56. Rxh3 Rxc2+ 57. Kb3 Rg2 58. Rh7+ Kb6 59. Rb7+ Ka5 60. a7 Rb2+ 61. Kxb2 Ka4 62. a8=Q# 1-0

[Event "*** Titled Tuesday Blitz"]
[Site "Chess.com"]
[Date "2021.03.02"]
[Round "3"]
[White "beto-betun"]
[Black "CrushingKings"]
[Result "0-1"]
[WhiteElo "2197"]
[BlackElo "2402"]
[TimeControl "180+1"]
[EndTime "10:29:26 PST"]
[Termination "CrushingKings won on time"]

1. d4 Nf6 2. Nf3 b6 3. g3 Bb7 4. Bg2 e6 5. O-O Be7 6. c4 O-O 7. b3 d6 8. Bb2 Nbd7 9. Nbd2 Ne4 10. Nxe4 Bxe4 11. Nd2 Bxg2 12. Kxg2 f5 13. e4 fxe4 14.
Nxe4 Nf6 15. Qe2 Qd7 16. f3 d5 17. Ng5 dxc4 18. bxc4 c5 19. Qxe6+ Qxe6 20. Nxe6 Rfe8 21.
d5 b5 22. Nc7 bxc4 23. Nxa8 Rxa8 24. Rfe1 Nxd5 25. Re5 Bf6 26. Rxd5 Bxb2 27. Re1 Bd4 28.
Rd1 c3 29. Kf1 Rb8 30. Ke2 Rb2+ 31. Kd3 Rxa2 32. Rd7 Rxh2 33. Rb1 h6 34. Rxa7 Rh3 35.
Ra8+ Kh7 36. Rf1 Rxg3 37. Ra2 h5 38. Ke4 h4 39. Rh2 g5 40. Kf5 Kh6 41. Re1 Rxf3+ 42. Kg4 Rf4+ 43. Kh3 Kh5 44. Rg2 g4+ 45. Kh2 g3+ 46. Kh1 Rf2 47. Rxf2 gxf2 48. Rf1 c2 49. Kg2 Kg4 50. Rc1 h3+ 51. Kf1 h2 52. Kg2 Kf4 53. Kxh2 Ke3 54. Kh1 Ke2 55. Rxc2+ Ke1 56. Rd2 Kxd2 0-1

[Event "*** Titled Tuesday Blitz"]
[Site "Chess.com"]
[Date "2021.03.02"]
[Round "3"]
[White "c_r_e_e_p_e_r"]
[Black "Rodalquilar"]
[Result "0-1"]
[WhiteElo "2421"]
[BlackElo "2634"]
[TimeControl "180+1"]
[EndTime "10:29:28 PST"]
[Termination "Rodalquilar won by checkmate"]

1. d4 d5 2. c4 e6 3. Nc3 a6 4. e4 dxe4 5. Nxe4 Bb4+ 6. Nc3 c5 7.
Nf3 Nf6 8. Be2 Nc6 9. Be3 Ne4 10.
Rc1 Qa5 11. O-O Bxc3 12. bxc3 Nxc3 13. Qc2 Nxe2+ 14. Qxe2 cxd4 15. Nxd4 Bd7 16. Nb3 Qe5 17. Nc5 Nd4 18. Qg4 Nf5 19. Nxd7 Kxd7 20. Rfd1+ Ke7 21. Bf4 Qc5 22. Qf3 Qc6 23. Qa3+ Ke8 24. Qa5 f6 25. Rb1 Kf7 26. Qb4 Rad8 27. Qxb7+ Qxb7 28. Rxb7+ Kg6 29. Rdb1 Rd4 30. Bg3 Rxc4 31. Ra7 Rhc8 32. h3 Rc1+ 33. Rxc1 Rxc1+ 34. Kh2 Rc6 35. a4 e5 36. f3 h5 37.
Bf2 Rc2 38. Bg1 Nh4 39. Rxa6 Rxg2+ 40. Kh1 Ra2 41. f4 Nf3 42. fxe5 Nxe5 43. Bh2 Nf3 44. Bg1 Ra1 45. Kg2 Nxg1 46. a5 Ne2 47. Ra8 Nf4+ 48. Kg3 Nd5 49. a6 Nb4 50. a7 Nc6 51. Rb8 Nxa7 52. Ra8 Ra3+ 53. Kf4 Nb5 54. Rb8 Ra4+ 55. Ke3 Nd6 56. Rb6 Nf5+ 57. Kf3 Ra3+ 58. Kf4 Ra4+ 59. Kf3 Nd4+ 60. Kg3 h4+ 61. Kxh4 Nf5# 0-1

[Event "*** Titled Tuesday Blitz"]
[Site "Chess.com"]
[Date "2021.03.02"]
[Round "3"]
[White "AtabayevSaparmyrat"]
[Black "ViditYT"]
[Result "1-0"]
[WhiteElo "2739"]
[BlackElo "2967"]
[TimeControl "180+1"]
[EndTime "10:29:29 PST"]
[Termination "AtabayevSaparmyrat won by checkmate"]

1. e4 c5 2. Nf3 d6 3. d4 cxd4 4.
Nxd4 Nf6 5. Nc3 Nc6 6. Bg5 e6 7. Qd2 a6 8. O-O-O Bd7 9. Nxc6 Bxc6 10. Bd3 Be7 11. Kb1 b5 12. f3 Bb7 13. g4 b4 14. Ne2 Nxe4 15. Bxe4 Bxg5 16. Qxb4 Bxe4 17. Qxe4 d5 18. Qa4+ Kf8 19. f4 Be7 20. f5 Qd6 21. fxe6 fxe6 22. Rhf1+ Kg8 23. Nd4 Bf6 24. Rfe1 Bxd4 25.
Qxd4 Re8 26. c4 h6 27. cxd5 e5 28. Qe4 g6 29. Rc1 Rh7 30. Rc6 Qd8 31. Rxg6+ Kh8 32. Re6 Rxe6 33. dxe6 Re7 34. Qxe5+ Kg8 35. a3 Qd2 36. h4 Qg2 37. g5 h5 38. Qf6 Qb7 39.
Qg6+ Kh8 40. Qxh5+ Kg8 41. Qg6+ Kh8 42. Rf1 Qc8 43.
Qf6+ Rg7 44. Qf8+ Qxf8 45. Rxf8+ Kh7 46. Rf7 Kg6 47. Rxg7+ Kxg7 48. h5 Kh7 49. h6 Kg6 50. e7 Kf7 51. h7 Kxe7 52. h8=Q Ke6 53. Qf6+ Kd5 54. g6 Ke4 55. g7 a5 56. g8=Q a4 57. Qge6+ Kd3 58. Qc3# 1-0

[Event "*** Titled Tuesday Blitz"]
[Site "Chess.com"]
[Date "2021.03.02"]
[Round "3"]
[White "UmutErdemGunduz"]
[Black "DenishevM"]
[Result "0-1"]
[WhiteElo "2345"]
[BlackElo "2617"]
[TimeControl "180+1"]
[EndTime "10:29:29 PST"]
[Termination "DenishevM won on time"]

1. e4 c5 2. Nf3 d6 3. d4 cxd4 4. Nxd4 Nf6 5. f3 e5 6. Nb3 Be6 7.
c4 Nbd7 8. Be3 Be7 9. Nc3 O-O 10. Qd2 a6 11. Be2 Rc8 12. Nd5 Bxd5 13. cxd5 Nb6 14. Qb4 Nfd7 15. O-O Nc5 16. Nxc5 dxc5 17. Qa5 Nd7 18.
Qxd8 Rfxd8 19. a4 a5 20. Rac1 Bd6 21. Bb5 Nf6 22. g4 Ne8 23. Rc2 b6 24. b3 Be7 25.
Bxe8 Rxe8 26. Rd1 Bd6 27. Kf1 f6 28. Ke2 g6 29. h4 Rf8 30. Rg1 Kf7 31. Bh6 Rfe8 32.
Kd3 Ke7 33. Kc4 Kd7 34. Rh2 Re7 35. Be3 Rf7 36. h5 f5 37. hxg6 hxg6 38. gxf5 gxf5 39. exf5 Rcf8 40. Rh6 Rxf5 41. Rgg6 Bc7 42. d6 Bd8 43. Rg7+ R8f7 44. Rxf7+ Rxf7 45. Kd5 Bf6 46. Rg6 Bg7 47.
f4 exf4 48. Bxf4 Bf8 49. Be5 Rf5 50. Rg8 Bxd6 51. Rg7+ Be7 52. Ke4 Rf1 53. Rg6 Re1+ 54. Kd5 Rd1+ 55. Ke4 Bd6 0-1

[Event "*** Titled Tuesday Blitz"]
[Site "Chess.com"]
[Date "2021.03.02"]
[Round "3"]
[White "PelinGorki"]
[Black "Kostukov_Alex"]
[Result "1-0"]
[WhiteElo "2538"]
[BlackElo "2327"]
[TimeControl "180+1"]
[EndTime "10:29:29 PST"]
[Termination "PelinGorki won on time"]

1. e4 c5 2. a3 g6 3. b4 Bg7 4. Nc3 b6 5. Rb1 d6 6. Nf3 Nf6 7. Bb5+ Bd7 8. Qe2 O-O 9. O-O Nc6 10. Nd5 Nxd5 11. exd5 Nd4 12. Nxd4 cxd4 13. Bb2 Rc8 14.
Bxd7 Qxd7 15. Qd3 Qf5 16. Qxf5 gxf5 17. Rbc1 e5 18. c3 d3 19. c4 e4 20. Bxg7 Kxg7 21. Rc3 Rc7 22. f3 Rfc8 23. Rfc1 Kf6 24. f4 a5 25. Kf2 axb4 26. axb4 Ra8 27. Ke3 Ra4 28.
Rb1 Ke7 29. Kd4 h5 30. Rcb3 Ra2 31. R1b2 Ra4 32. Rb1 h4 33. g3 h3 34. Rc3 Kf6 35. Ke3 Kg6 36. Rcc1 Kh5 37. Rc3 Kg4 38. Rcc1 Ra2 39.
Rc3 Rc2 40. Rc1 Rxc1 41. Rxc1 Ra7 42. c5 bxc5 43. bxc5 dxc5 44. Rxc5 Rd7 45. Ra5 Rb7 46. d6 Rd7 47. Rd5 f6 48. Rd4 Kh5 49. Rd5 Kg6 50. Kd4 Kf7 51. Kc5 Ke6 52. Kc6 Rd8 53. d7 Ke7 54. Kc7 e3 55. dxe3 Ra8 56. d8=Q+ 1-0

[Event "*** Titled Tuesday Blitz"]
[Site "Chess.com"]
[Date "2021.03.02"]
[Round "3"]
[White "woodhy"]
[Black "igorkovalenko"]
[Result "1/2-1/2"]
[WhiteElo "2470"]
[BlackElo "2879"]
[TimeControl "180+1"]
[EndTime "10:29:30 PST"]
[Termination "Game drawn by repetition"]

1. e4 c6 2. d4 d5 3. Nc3 dxe4 4. Nxe4 Nd7 5. Ng5 e6 6. N1f3 h6 7. Nh3 Ngf6 8. Bd3 g5 9. Nd2 c5 10. O-O cxd4 11. f4 g4 12. Nf2 Nc5 13. Nxg4 Nxd3 14. cxd3 Nd5 15. Nc4 b5 16. Nce5 h5 17. Nf2 f6 18.
Ng6 Rh7 19. Nxf8 Kxf8 20. Ne4 Qb6 21. Bd2 Bb7 22. Rf3 Kf7 23. Rh3 Rah8 24. Rc1 b4 25. Qa4 Rd8 26. Qd1 h4 27. Nc5 Ba8 28. Ne4 a5 29. Qf3 Ne7 30. Qf2 Nf5 31. g3 Rg7 32. Kf1 Qb5 33. Rc7+ Rd7 34. Rxd7+ Qxd7 35. gxh4 Qb5 36.
Qe2 Bd5 37. b3 Qc6 38. h5 Qc2 39. h6 Rh7 40. Qh5+ Ke7 41. Qg6 Qd1+ 42. Kf2 Rf7 43. h7 Bxe4 44. dxe4 Qxd2+ 45. Kg1 Qe1+ 46. Kg2 Qxe4+ 47.
Kf2 Qc2+ 48. Ke1 Qb1+ 49. Kf2 Qxa2+ 50. Ke1 Qb1+ 51. Kf2 Qc2+ 52. Ke1 Qc1+ 53. Kf2 Qd2+ 54. Kg1 Qe1+ 55. Kg2 Qe4+ 56. Kg1 Qe1+ 57. Kg2 Qe2+ 58.
Kg1 Ne3 59. Rxe3 Qxe3+ 60. Kg2 Qe2+ 61. Kg1 Qd1+ 62. Kg2 Qd2+ 63. Kg1 Rxh7 64. Qxh7+ Kd6 65. Qh6 Qe3+ 66. Kf1 f5 67. Qf8+ Kd7 68. Qf7+ Kc6 69. Qe8+ Kd5 70. Qa8+ Kd6 71. Qd8+ Kc6 72. Qc8+ Kd6 73.
Qd8+ Kc6 74. Qc8+ Kd5 75. Qa8+ Kd6 76. Qd8+ 1/2-1/2